 Dungeon Crawl Stone Soup version 0.30.1-9-gdf580d7c3d (webtiles) character file.

Game seed: 10062211947706425773

8250 monsoonserge the Fighter (level 11, -5/151 HPs)
             Began as a Minotaur Berserker on Oct 10, 2023.
             Was a High Priest of Trog.
             Killed from afar by an acid dragon (26 damage)
             ... with a splash of acid
             ... on level 11 of the Dungeon.
             The game lasted 00:25:16 (8612 turns).

monsoonserge the Fighter (Minotaur Berserker)       Turns: 8612, Time: 00:25:17

Health: -5/151     AC:  6    Str: 26    XL:     11   Next: 7%
Magic:  10/10      EV: 18    Int:  4    God:    Trog [*****.]
Gold:   687        SH:  4    Dex: 10    Spells: 10/10 levels left

rFire   + . .        I - +6 shillelagh "Devastator" {shatter}
rCold   . . .        M - +0 buckler
rNeg    . . .        w - +5 leather armour of Beerosch {rF+}
rPois   +            (helmet restricted)
rElec   .            E - +0 cloak
rCorr   .            (no gloves)
SInv    .            (no boots)
Will    ++...        v - amulet of magic regeneration Stlth
                     i - +5 ring of evasion
HPRegen 1.45/turn    B - ring of poison resistance
MPRegen 0.52/turn

%: no passive effects
@: berserking (expiring), strong-willed, corroded, regenerating, very quick
A: horns 2, retaliatory headbutt
a: Renounce Religion, Berserk, Trog's Hand, Brothers in Arms


You were on level 11 of the Dungeon.
You worshipped Trog.
Trog was extremely pleased with you.
You visited 2 branches of the dungeon, and saw 12 of its levels.

You collected 687 gold pieces.

Inventory:

Hand Weapons
 I - the +6 shillelagh "Devastator" (weapon) {shatter}
   (You found it on level 6 of the Dungeon)
Missiles
 a - a boomerang of dispersal
 j - 2 javelins (quivered)
 q - 10 atropa-tipped darts
 G - 3 curare-tipped darts
 R - 2 throwing nets
Armour
 w - the +5 leather armour of Beerosch (worn) {rF+}
   (You found it on level 3 of the Dungeon)

   rF:        It protects you from fire.
 E - a +0 cloak (worn)
 J - the +1 leather armour of the Tanner {+Inv rF+++ Str+8 Int-3}
   (You found it on level 6 of the Dungeon)

   Str:       It affects your strength (+8).
   Int:       It affects your intelligence (-3).
   rF:        It renders you almost immune to fire.
   +Inv:      It lets you turn invisible.
 M - a +0 buckler (worn)
 T - +0 acid dragon scales
 V - a +0 plate armour
Jewellery
 i - a +5 ring of evasion (left hand)
 v - an amulet of magic regeneration (around neck)
 B - a ring of poison resistance (right hand)
 D - a ring of positive energy
 O - a ring of protection from cold
Wands
 F - a wand of flame (29)
 P - a wand of paralysis (33)
Scrolls
 b - 4 scrolls of teleportation {unknown}
 c - 2 scrolls of immolation {unknown}
 f - a scroll of fear {unknown}
 g - 3 scrolls of identify {unknown}
 h - 4 scrolls of amnesia {unknown}
 o - a scroll of silence {unknown}
 p - a scroll of acquirement {unknown}
 s - 2 scrolls of torment {unknown}
 u - 2 scrolls of noise {unknown}
 x - 3 scrolls of blinking {unknown}
 y - 2 scrolls of brand weapon {unknown}
 z - a scroll of poison {unknown}
 A - a scroll of enchant weapon {unknown}
 H - 2 scrolls of fog {unknown}
 K - a scroll of vulnerability {unknown}
 N - 2 scrolls of enchant armour {unknown}
 Q - a scroll of butterflies {unknown}
Potions
 d - a potion of might {unknown}
 e - 4 potions of lignification {unknown}
 k - 2 potions of resistance {unknown}
 l - 6 potions of curing
 m - 3 potions of heal wounds {unknown}
 n - 2 potions of flight {unknown}
 r - a potion of ambrosia {unknown}
 t - 5 potions of brilliance {unknown}
 C - 5 potions of degeneration {unknown}
 L - 2 potions of haste {unknown}
 S - a potion of berserk rage {unknown}
 U - 2 potions of cancellation {unknown}


   Skills:
 + Level 10.8 Fighting
 - Level 10.0(11.9) Axes
 + Level 10.4(12.1) Maces & Flails
 + Level 3.0 Throwing
 + Level 7.2 Armour
 + Level 5.3 Dodging
 + Level 2.4 Shields
 * Level 3.6 Evocations


You had 10 spell levels left.
You didn't know any spells.
Your spell library contained the following spells:

 Spells                   Type           Power      Damage    Failure   Level
 Freeze                   Ice            0%         1d3       58%         1
 Kiss of Death            Conj/Necr      0%         2d5       58%         1
 Magic Dart               Conj           0%         1d3       58%         1
 Necrotise                Necr           0%         1d4       58%         1
 Shock                    Conj/Air       0%         1d3       58%         1
 Call Imp                 Summ           0%         N/A       75%         2
 Cigotuvi's Dreadful Rot  Necr/Pois/Air  0%         N/A       75%         2
 Poisonous Vapours        Pois/Air       0%         N/A       75%         2
 Frozen Ramparts          Ice            0%         1d1       92%         3
 Hailstorm                Conj/Ice       0%         3d3       92%         3
 Mephitic Cloud           Conj/Pois/Air  0%         N/A       92%         3
 Swiftness                Air            0%         N/A       92%         3
 Vampiric Draining        Necr           0%         2d6       92%         3
 Vhi's Electric Charge    Tloc/Air       0%         N/A       92%         3
 Airstrike                Air            0%         2d(0-16)  100%        4
 Leda's Liquefaction      Hex/Erth       0%         N/A       100%        4
 Agony                    Necr           0%         N/A       100%        5
 Arcjolt                  Conj/Air       0%         1d10      100%        5
 Lee's Rapid Deconstruct  Erth           0%         3d4*      100%        5
 Plasma Beam              Fire/Air       0%         2x1d11    100%        6
 Statue Form              Tmut/Erth      0%         N/A       100%        6
 Borgnjor's Revivificati  Necr           0%         N/A       100%        8


Dungeon Overview and Level Annotations

Branches:
Dungeon (11/15)            Temple (1/1) D:6             Orc (0/2) D:10
   Lair: D:8-11

Altars:
Dithmenos
Gozag
Makhleb
Okawaru
Qazlal
Trog
Vehumet

Shops:
D:2 =

Annotations:
D:5 fly


Innate Abilities, Weirdness & Mutations

You have a pair of horns on your head.
You reflexively headbutt those who attack you in melee.


Message History

Trog accepts your kill.
Trog appreciates your killing of a magic user.
Reactivating autopickup.
You feel a bit more experienced.
The troll is heavily wounded.
You kill the centaur!
Trog accepts your kill.
You kill the orc priest!
Trog accepts your kill.
You hit the troll.
The troll and the centaur shudder.
You kill the troll!
Trog accepts your kill.
The troll leather armour is intact enough to wear.
The centaur is heavily wounded.
Something hits you.
Deactivating autopickup; reactivate with Ctrl-A.
The acid dragon spits acid at you. The splash of acid hits you!!
* * * LOW HITPOINT WARNING * * *
The acid corrodes you!
You sock the centaur!
You kill the centaur!
Trog accepts your kill.
The centaur shoots an arrow.
The arrow closely misses you.
The centaur shoots an arrow.
The arrow closely misses you.
The centaur shoots an arrow.
The arrow hits you!
* * * LOW HITPOINT WARNING * * *
Something hits you.
* * * LOW HITPOINT WARNING * * *
The centaur shoots an arrow.
The arrow hits you!
* * * LOW HITPOINT WARNING * * *
Something hits you but does no damage.
Found a dagger and a short sword.
You feel a strong urge to attack something.
The centaur unwields a +0 shortbow.
You block the centaur's attack. The centaur closely misses you.
Something hits you but does no damage.
The centaur unwields a +0 shortbow.
The centaur misses you. You block the centaur's attack.
The acid dragon spits acid at you. The splash of acid hits you!!
You die...

...................#
....................#
....................#
....................#
....................#
....................#
....................#
......c.............#
).....c@)...........#
........[)).........#
.......D)...........#
......[.........(...#
.............^......#
...........[........#
.....................
).................


You could see an acid dragon (catching breath) and 2 centaurs.

Vanquished Creatures
  A gargoyle (D:10)
  3 trolls
  Grinder (D:4)
  A shadow (D:10)
  2 wyverns (D:8)
  4 yaks (D:11)
  3 wraiths
  A warg (D:10)
  An acid dragon (D:9)
  A water moccasin (D:9)
  5 orc warriors
  4 black bears
  A sky beast (D:7)
  2 ice beasts (D:6)
  4 ogres
  7 centaurs
  A phantom (D:7)
  A kobold brigand (D:7)
  2 bullfrogs
  4 gnoll sergeants
  4 scorpions
  15 wights
  4 killer bees (D:9)
  7 electric eels (D:10)
  4 howler monkeys
  A jelly (D:7)
  4 hounds
  7 orc priests
  3 gnoll boudas
  A sleepcap (D:6)
  4 iguanas
  8 orc wizards
  30 gnolls
  4 adders
  A white imp (D:6)
  2 ufetubi
  A worm (D:2)
  4 dart slugs
  44 orcs
  4 ball pythons
  2 bats
  5 endoplasms
  5 giant cockroaches
  8 hobgoblins
  4 jackals
  4 quokkas
  2 frilled lizards (D:2)
  10 goblins
  10 kobolds
  5 rats
256 creatures vanquished.

Vanquished Creatures (others)
  A quokka (D:4)
1 creature vanquished.

Grand Total: 257 creatures vanquished

Notes
Turn   | Place    | Note
-------+----------+-------------------------------------------
     0 | D:1      | monsoonserge the Minotaur Berserker began the quest for the
                  | Orb.
     0 | D:1      | Reached XP level 1. HP: 19/19 MP: 0/0
   215 | D:1      | Reached XP level 2. HP: 18/27 MP: 1/1
   814 | D:2      | Reached XP level 3. HP: 30/33 MP: 2/2
  1012 | D:2      | Found a radiant altar of Vehumet.
  1128 | D:2      | Reached ** piety under Trog
  1289 | D:2      | Reached XP level 4. HP: 41/41 MP: 3/3
  1470 | D:2      | Found Tannyer's Jewellery Shoppe.
  1771 | D:3      | Identified the +5 leather armour of Beerosch {rF+}
  1831 | D:3      | Found a shadowy altar of Dithmenos.
  2250 | D:3      | Reached skill level 5 in Axes
  2454 | D:4      | Got the Compilation of the Lungs and Dark Acts
  2462 | D:4      | Noticed an ogre
  2470 | D:4      | Killed an ogre
  2471 | D:4      | Reached skill level 1 in Throwing
  2471 | D:4      | Reached XP level 5. HP: 47/47 MP: 4/4
  2532 | D:4      | Noticed Grinder
  2536 | D:4      | Paralysed by Grinder for 3 turns
  2542 | D:4      | Killed Grinder
  2543 | D:4      | Reached skill level 5 in Fighting
  2543 | D:4      | Reached XP level 6. HP: 56/56 MP: 5/5
  2832 | D:4      | Reached XP level 7. HP: 61/61 MP: 6/6
  3456 | D:5      | Entered Level 5 of the Dungeon
  3461 | D:5      | Reached skill level 5 in Armour
  3783 | D:5      | Reached *** piety under Trog
  4271 | D:6      | Found a staircase to the Ecumenical Temple.
  4295 | D:6      | Reached XP level 8. HP: 54/70 MP: 7/7
  4315 | Temple   | Entered the Ecumenical Temple
  4487 | Temple   | Reached skill level 5 in Dodging
  4617 | D:6      | Found the +6 shillelagh "Devastator" {shatter}
  4657 | D:6      | Reached skill level 10 in Axes
  4707 | D:6      | Found an iron altar of Okawaru.
  4723 | D:6      | Reached skill level 1 in Maces & Flails
  4725 | D:6      | Reached XP level 9. HP: 68/79 MP: 8/8
  4777 | D:6      | Identified the +1 leather armour of the Tanner {+Inv rF+++
                  | Str+8 Int-3}
  4808 | D:6      | Found a bloodstained altar of Trog.
  5064 | D:7      | Reached **** piety under Trog
  5396 | D:7      | Reached skill level 5 in Maces & Flails
  5939 | D:8      | Reached skill level 1 in Evocations
  5984 | D:8      | Reached skill level 1 in Shields
  6128 | D:8      | Found a stormy altar of Qazlal.
  6184 | D:8      | Reached XP level 10. HP: 91/91 MP: 9/9
  6487 | D:9      | Reached ***** piety under Trog
  7187 | D:10     | Entered Level 10 of the Dungeon
  7213 | D:10     | Reached skill level 10 in Fighting
  7776 | D:10     | Found a staircase to the Orcish Mines.
  7786 | D:10     | Received a gift from Trog
  8252 | D:10     | Noticed a gargoyle
  8257 | D:10     | Killed a gargoyle
  8573 | D:11     | Reached skill level 10 in Maces & Flails
  8581 | D:11     | Reached XP level 11. HP: 101/101 MP: 10/10
  8612 | D:11     | Killed from afar by an acid dragon

Illustrated notes

Levels and vault maps discovered:
D:1:      dpeg_arrival_solitude, layout_loops_ring, corexii_hall_statues_l
D:2:      kennysheep_six_static_rooms, layout_basic, basic_altar, serial_shops,
          nicolae_square_shop
D:3:      layout_rooms, nicolae_dithmenos_through_a_glass_darkly,
          minmay_misc_feat_nine_boxes, kennysheep_generic_room_7
D:4:      layout_basic, lemuel_flame_loot_1, uniq_grinder
D:5:      layout_cave_pools, corexii_checkpoint_b, water_maze_lemuel
D:6:      layout_basic, trog_ov_bears_minmay, amcnicky_altar_gilded,
          minmay_temple_entry_ruins, dilly_guarded_unrand_devastator
D:7:      layout_cave_pools
D:8:      layout_gridville, lemuel_round_altar
D:9:      layout_loops_ring
D:10:     layout_basic, david_orc_3, serial_bayou, serial_bayou_shore_b,
          serial_bayou_shore_b, serial_bayou_lake_a, serial_bayou_pond_c,
          serial_bayou_ford_a
D:11:     layout_basic, dpeg_lair_monsters, uniq_erolcha
Temple:   mainiacjoe_temple_coin_purse

Skill      XL: |  1  2  3  4  5  6  7  8  9 10 |
---------------+-------------------------------+-----
Fighting       | 4 5 7 9 10 | 10.8
Axes           | 4 5 6 8 10 | 10.0
Armour         | 3 4 5 6 7 |  7.2
Throwing       | 1 2 3 |  3.0
Dodging        | 3 4 5 |  5.3
Maces & Flails | 2 7 10 | 10.4
Evocations     | 1 3 |  3.6
Shields        | 1 2 |  2.4

Action                     |  1- 3 |  4- 6 |  7- 9 | 10-12 || total
---------------------------+-------+-------+-------+-------++-------
  Melee: Hand axe          |    87 |    79 |    40 |       ||   206
         Headbutt          |     7 |    13 |    32 |    13 ||    65
         Punch             |     1 |       |       |       ||     1
         War axe           |       |       |    51 |       ||    51
         Shillelagh        |       |       |    85 |   108 ||   193
 Invoke: Berserk           |       |     2 |     2 |     2 ||     6
         Trog's Hand       |       |       |       |     1 ||     1
  Evoke: Wand              |       |       |       |     2 ||     2
    Use: Potion            |       |       |       |     1 ||     1
 Armour: Animal skin       |     5 |       |       |       ||     5
         Ring mail         |    25 |     5 |       |       ||    30
         Leather armour    |       |    16 |    48 |    23 ||    87
  Dodge: Dodged            |    44 |    54 |   216 |    68 ||   382
  Block: Buckler           |       |       |     8 |    14 ||    22
